 Dungeon Crawl Stone Soup version 0.30.1-11-g7821555f0a (webtiles) character file.

Game seed: 15985580596297436711

5082 quietsand the Destroyer (level 10, -7/71 HPs)
             Began as a Demigod Conjurer on Nov 27, 2023.
             Killed from afar by an efreet (9 damage)
             ... with a fireball
             ... on level 9 of the Dungeon.
             The game lasted 01:06:24 (10780 turns).

quietsand the Destroyer (Demigod Conjurer)         Turns: 10780, Time: 01:06:25

Health: -7/71      AC:  8    Str:  8    XL:     10   Next: 10%
Magic:  25/35      EV: 13    Int: 32    God:
Gold:   413        SH:  0    Dex: 12    Spells: 13/25 levels left

rFire   + . .        o - +3 dagger
rCold   x . .        (no shield)
rNeg    . . .        h - +0 steam dragon scales
rPois   .            f - +2 helmet
rElec   .            (no cloak)
rCorr   .            (no gloves)
SInv    .            (no boots)
Will    +....        (no amulet)
Stlth   +++          w - ring of magical power
HPRegen 0.31/turn    b - ring of fire
MPRegen 0.24/turn

%: no passive effects
@: no status effects
A: high MP 1, forlorn, divine attributes
a: no special abilities


You were on level 9 of the Dungeon.
You visited 1 branch of the dungeon, and saw 9 of its levels.
You also visited: Ossuary.

You collected 413 gold pieces.

Inventory:

Hand Weapons
 o - a +3 dagger (weapon)
Armour
 a - a +0 robe
 f - a +2 helmet (worn)
 h - +0 steam dragon scales (worn)
 s - a +1 hat
Jewellery
 b - a ring of fire (right hand)
 w - a ring of magical power (left hand)
 F - a ring of ice
Wands
 k - a wand of flame (1)
 x - a wand of light (14)
 y - a wand of roots (11)
 A - a wand of charming (7)
Scrolls
 c - 2 scrolls of amnesia
 e - 4 scrolls of teleportation
 i - 5 scrolls of vulnerability
 j - a scroll of immolation {unknown}
 m - 2 scrolls of poison
 n - 2 scrolls of enchant weapon
 q - 3 scrolls of enchant armour
 r - 2 scrolls of noise
 t - 2 scrolls of fog
 H - a scroll of magic mapping {unknown}
 I - a scroll of identify
Potions
 d - 2 potions of resistance {unknown}
 g - 3 potions of invisibility
 l - 2 potions of brilliance {unknown}
 p - a potion of might {unknown}
 u - 2 potions of attraction {unknown}
 v - a potion of flight {unknown}
 z - a potion of curing
 B - a potion of mutation {unknown}
 C - a potion of cancellation {unknown}
 E - a potion of magic
 G - 2 potions of haste {unknown}


   Skills:
 - Level 1.1 Fighting
 + Level 4.2 Dodging
 + Level 5.2 Stealth
 + Level 0.2 Unarmed Combat
 + Level 8.2 Spellcasting
 + Level 9.6 Conjurations
 + Level 1.3 Hexes
 + Level 0.2 Earth Magic


You had 13 spell levels left.
You knew the following spells:

 Your Spells              Type           Power      Damage    Failure   Level
a - Magic Dart            Conj           100%       1d8       1%          1
b - Searing Ray           Conj           100%       2d8       1%          2
c - Dazzling Flash        Conj/Hex       96%        N/A       1%          3
d - Fulminant Prism       Conj/Hex       24%        3d12      3%          4
e - Passwall              Tmut/Erth      11%        N/A       5%          2

Your spell library contained the following spells:

 Spells                   Type           Power      Damage    Failure   Level
 Slow                     Hex            84%        N/A       1%          1
 Ensorcelled Hibernation  Hex/Ice        34%        N/A       4%          2
 Flame Wave               Conj/Fire      60%        2d14      4%          4
 Iskenderun's Mystic Bla  Conj/Tloc      44%        2d10      4%          4
 Scorch                   Fire           38%        2d6       5%          2
 Confusing Touch          Hex            21%        N/A       6%          3
 Swiftness                Air            13%        N/A       11%         3
 Vampiric Draining        Necr           13%        2d6       11%         3
 Simulacrum               Ice/Necr       6%         N/A       99%         6
 Summon Cactus Giant      Summ           6%         N/A       99%         6
 Ozocubu's Refrigeration  Ice            6%         4d8       100%        7
 Polar Vortex             Ice            6%         N/A       100%        9


Dungeon Overview and Level Annotations

Branches:
Dungeon (9/15)             Temple (0/1) D:7             Orc (0/2) D:9
Ossuary (visited)
   Lair: D:8-11

Shops:
D:6 (   D:9 (


Innate Abilities, Weirdness & Mutations

You have an increased reservoir of magic. (+10% MP)
You shall have no god before yourself.
Your divine heritage dramatically boosts your attributes as you level up.


Message History

Confirm with . or Enter, or press ? or * to list all spells.
Aiming: Searing Ray (safe; 1% risk of failure)
Press: ? - help, Shift-Dir - straight line, f - efreet
Aim: an efreet, wielding a +1 scimitar of flaming (94% to hit)
The searing ray hits the efreet but does no damage. (Press . to maintain the ray.)
The efreet attacks as you move away! The efreet hits you but does no damage.
Found a scale mail.
Casting: Searing Ray (safe; 1% risk of failure)
Confirm with . or Enter, or press ? or * to list all spells.
Aiming: Searing Ray (safe; 1% risk of failure)
Press: ? - help, Shift-Dir - straight line, f/p - efreet
Aim: an efreet, wielding a +1 scimitar of flaming (94% to hit)
The searing ray hits the efreet!
The efreet is moderately wounded. (Press . to maintain the ray.)
The efreet gestures at you.
The fireball explodes!
The fireball engulfs you! You resist.
The fireball engulfs the efreet.
The efreet completely resists.
The searing ray hits the efreet!
The efreet is severely wounded.
The efreet barely misses you.
The searing ray hits the efreet.
The efreet is severely wounded.
The efreet hits you with a +1 scimitar of flaming!
* * * LOW HITPOINT WARNING * * *
The searing ray misses the efreet.
You finish channelling your searing ray.
The efreet hits you with a +1 scimitar of flaming!
* * * LOW HITPOINT WARNING * * *
Casting: Searing Ray (safe; 1% risk of failure)
Confirm with . or Enter, or press ? or * to list all spells.
Aiming: Searing Ray (safe; 1% risk of failure)
Press: ? - help, Shift-Dir - straight line, f/p - efreet
Aim: an efreet, wielding a +1 scimitar of flaming (severely wounded, 94% to hit)
The searing ray misses the efreet. (Press . to maintain the ray.)
The efreet gestures at you.
The fireball explodes!
The fireball engulfs you! You resist.
You die...

.. #. #. .. #..# #.
#..# #. #..#
#.#.#######..#
#..@R.......# #.
#..####.#.#..# . #.[
#.#○#.##..# #
#.#.#####........# ##.
.# #.##..☼####..#
#..##)##..####☼##...#
.R.#.#.#)........##
#######○#.#†#.###R###.#
#P...P#.)..#..#P..☼.#.#


You could see an efreet.

Vanquished Creatures
  A manticore (D:9)
  Sigmund (D:3)
  A shadow (D:9)
  2 wyverns (D:8)
  4 steam dragons
  An orc warrior (D:9)
  2 sky beasts
  3 black bears
  2 ice beasts
  2 ogres (D:5)
  3 centaurs
  A phantom (D:3)
  Blork the orc (D:6)
  A bullfrog (D:6)
  A kobold brigand (D:8)
  An elf zombie (Ossuary)
  3 scorpions
  5 wights (D:7)
  8 killer bees
  A howler monkey (D:8)
  3 centaur zombies (Ossuary)
  3 hounds
  A jelly (D:6)
  3 gnoll boudas
  6 orc priests
  8 iguanas
  7 orc wizards
  Terence (D:3)
  3 mummies
  Robin (D:3)
  9 adders
  12 gnolls
  A shadow imp (D:6)
  2 ufetubi (D:6)
  An adder zombie (Ossuary)
  A worm (D:3)
  3 dart slugs
  26 orcs
  3 ball pythons
  4 bats
  3 endoplasms
  A giant cockroach (D:3)
  18 goblins
  10 hobgoblins
  4 jackals (D:4)
  2 quokkas
  2 frilled lizards (D:1)
  3 goblin zombies
  8 hobgoblin zombies
  2 jackal zombies (Ossuary)
  11 kobolds
  13 kobold zombies (Ossuary)
  8 orc zombies (Ossuary)
  4 rats
231 creatures vanquished.

Vanquished Creatures (others)
  2 fulminant prisms
2 creatures vanquished.

Grand Total: 233 creatures vanquished

Notes
Turn   | Place    | Note
-------+----------+-------------------------------------------
     0 | D:1      | quietsand the Demigod Conjurer began the quest for the Orb.
     0 | D:1      | Reached XP level 1. HP: 14/14 MP: 5/5
   293 | D:1      | Reached skill level 4 in Conjurations
   376 | D:1      | Reached XP level 2. HP: 20/20 MP: 5/7
   379 | D:1      | Learned a level 2 spell: Searing Ray
  1281 | D:3      | Noticed Robin
  1283 | D:3      | Reached XP level 3. HP: 26/26 MP: 5/8
  1389 | D:3      | Killed Robin
  1844 | D:3      | Noticed Terence
  1869 | D:3      | Killed Terence
  1870 | D:3      | Reached XP level 4. HP: 28/33 MP: 1/10
  2184 | D:3      | Reached skill level 5 in Conjurations
  2388 | D:3      | Noticed Sigmund
  2395 | D:3      | Killed Sigmund
  2396 | D:3      | Reached XP level 5. HP: 38/38 MP: 5/12
  2573 | D:3      | Reached XP level 6. HP: 21/45 MP: 6/13
  2996 | D:4      | Reached skill level 6 in Conjurations
  3330 | D:4      | Reached XP level 7. HP: 51/51 MP: 9/16
  3714 | D:5      | Entered Level 5 of the Dungeon
  3889 | D:5      | Learned a level 3 spell: Dazzling Flash
  4084 | D:5      | Identified the +10 dagger "Secu Ogi" {elec, rCorr Str-3
                  | Dex+7}
  4114 | D:5      | Reached skill level 1 in Fighting
  4212 | D:5      | Reached skill level 5 in Spellcasting
  4434 | D:5      | Reached skill level 7 in Conjurations
  4434 | D:5      | Reached XP level 8. HP: 47/59 MP: 13/19
  5080 | D:6      | Noticed Blork the orc
  5086 | D:6      | Killed Blork the orc
  5862 | D:6      | Found Nuis's Antique Weapon Emporium.
  6297 | D:7      | HP: 2/59 [something/ball of steam (12)]
  6561 | D:7      | Reached skill level 1 in Hexes
  6698 | D:7      | Found a sand-covered staircase.
  6705 | Ossuary  | Entered an ossuary
  7056 | Ossuary  | Reached skill level 8 in Conjurations
  7483 | D:7      | Reached XP level 9. HP: 64/64 MP: 22/22
  7488 | D:7      | Learned a level 4 spell: Fulminant Prism
  8162 | D:7      | Found a staircase to the Ecumenical Temple.
  8972 | D:8      | Reached skill level 9 in Conjurations
  9427 | D:8      | Noticed a boulder beetle
  9428 | D:8      | Noticed a fire crab
  9659 | D:8      | Noticed a cyan ugly thing
  9915 | D:8      | Learned a level 2 spell: Passwall
  9916 | D:8      | Noticed a glowing orange brain
 10033 | D:8      | Noticed a cyclops
 10132 | D:9      | Found a staircase to the Orcish Mines.
 10155 | D:9      | Paralysed by a hornet for 3 turns
 10358 | D:9      | Noticed an efreet
 10371 | D:9      | Found Welaih's Weapon Boutique.
 10546 | D:9      | Reached skill level 5 in Stealth
 10556 | D:9      | Reached XP level 10. HP: 60/71 MP: 16/26
 10558 | D:9      | Noticed a manticore
 10569 | D:9      | Killed a manticore
 10779 | D:9      | HP: 1/71 [efreet/+1 scimitar of flaming (15)]
 10780 | D:9      | Killed from afar by an efreet

Illustrated notes

Levels and vault maps discovered:
D:1:      dpeg_arrival_erosion, layout_rooms
D:2:      layout_rooms, minmay_misc_feat_nine_boxes
D:3:      layout_loops_ring, hellmonk_ecumenical_altar_crossroads,
          hangedman_decor_riveting, dreamdust_wishing_well,
          minmay_misc_feat_secret_circle, minmay_misc_feat_rows, uniq_sigmund,
          uniq_robin, uniq_terence
D:4:      layout_rooms, minmay_puff
D:5:      layout_rooms, kennysheep_opposing_triangles
D:6:      layout_rooms, elyvilon_altar_3, serial_shops,
          nicolae_shop_tiny_statue_garden, minmay_statues_item,
          uniq_blork_the_orc
D:7:      layout_layer_cave, minmay_temple_entry_ruins,
          nicolae_ossuary_entry_giza
D:8:      layout_layer_cave, chequers_temple_overflow_statue_of_worship,
          zin_scriptorium, minivault_12
D:9:      layout_stronghold, minmay_orc_entry_temple_small, serial_shops,
          nicolae_shop_trees, dk_noncrumbling_2, minmay_shattered_shrine

Skill      XL: |  1  2  3  4  5  6  7  8  9 |
---------------+----------------------------+-----
Conjurations   | 4 5 6 7 8 9 |  9.6
Dodging        | 2 3 4 |  4.2
Stealth        | 2 3 4 5 |  5.2
Spellcasting   | 2 3 4 5 6 8 |  8.2
Fighting       | 1 |  1.1
Hexes          | 1 |  1.3
Unarmed Combat | |  0.2
Earth Magic    | |  0.2

Action                     |  1- 3 |  4- 6 |  7- 9 | 10-12 || total
---------------------------+-------+-------+-------+-------++-------
  Melee: Unarmed           |     7 |       |       |       ||     7
         Dagger            |       |     2 |       |     1 ||     3
   Cast: Magic Dart        |    51 |    79 |   178 |     1 ||   309
         Searing Ray       |    13 |    10 |    99 |     8 ||   130
         Dazzling Flash    |       |       |    12 |     2 ||    14
         Fulminant Prism   |       |       |     2 |       ||     2
         Passwall          |       |       |     1 |       ||     1
  Evoke: Wand              |       |       |     1 |       ||     1
    Use: Potion            |       |     1 |     6 |     1 ||     8
         Scroll            |       |       |    11 |       ||    11
 Armour: Robe              |     8 |     5 |    13 |       ||    26
         Steam dragon scal |       |       |     5 |     5 ||    10
  Dodge: Dodged            |    13 |    15 |   112 |     9 ||   149
